 Dungeon Crawl Stone Soup version 0.21-a0-582-g1b93aee (webtiles) character file.

9216 Amnesiac the Slinger (level 11, -5/111 HPs)
             Began as a Halfling Fighter on Dec 19, 2017.
             Was a High Priest of Okawaru.
             Slain by a troll (9 damage)
             ... on level 11 of the Dungeon.
             The game lasted 00:24:16 (11430 turns).

Amnesiac the Slinger (Halfling Fighter)            Turns: 11430, Time: 00:24:17

Health: -5/111     AC: 25    Str: 22    XL:     11   Next: 70%
Magic:  9/16       EV:  3    Int:  6    God:    Okawaru [*****.]
Gold:   489        SH: 14    Dex: 20    Spells: 1/10 levels left

rFire    . . .     SeeInvis .   a - +0 hunting sling
rCold    . . .     Gourm    .   c - +0 shield
rNeg     + + +     Faith    +   (armour currently unavailable)
rPois    +         Spirit   .   (helmet currently unavailable)
rElec    .         Reflect  .   (cloak currently unavailable)
rCorr    .         Harm     .   (gloves currently unavailable)
MR       .....     NoTele   +   (boots currently unavailable)
Stlth    ++++......             p - amulet of faith
HPRegen  0.28/turn              w - +1 ring of evasion
MPRegen  0.15/turn              y - +2 ring of strength

@: agile, tree-form, heroism, finesse
A: small, mutation resistance 1
a: Heroism, Finesse, Renounce Religion


You were on level 11 of the Dungeon.
You worshipped Okawaru.
Okawaru was extremely pleased with you.
You were not hungry.
You were a tree.
You visited 1 branch of the dungeon, and saw 11 of its levels.

You collected 538 gold pieces.
You spent 49 gold pieces at shops.

Inventory:

Hand Weapons
 a - a +0 hunting sling (weapon)
 b - a +0 blowgun
 v - a +1 falchion of flaming
Missiles
 e - 237 sling bullets
 h - 212 stones (quivered)
 i - 25 poisoned needles
 m - 8 curare-tipped needles
 t - 12 tomahawks
 K - 6 steel tomahawks
Armour
 c - a +0 shield (worn)
 l - a +0 pair of boots (melded)
 q - a +0 buckler
 x - +0 ice dragon scales
 C - a scarf of cloud immunity
 D - a +1 scale mail of cold resistance (melded)
 E - a +1 cloak of magic resistance (melded)
 F - a +2 pair of gloves (melded)
 Q - a +1 hat of see invisible (melded)
Jewellery
 p - an amulet of faith (around neck)
 w - a +1 ring of evasion (left branch)
 y - a +2 ring of strength (right branch)
 O - an uncursed ring of see invisible
Wands
 H - a wand of random effects (23)
 J - a wand of iceblast (11)
 R - a wand of polymorph (3)
Scrolls
 k - 7 scrolls of identify {!r}
 n - 5 scrolls of teleportation {!r}
 r - 2 scrolls of amnesia {!r}
 s - 6 scrolls of remove curse {!r}
 u - 2 scrolls of enchant weapon {!r}
 z - 3 scrolls of fog {!r}
 M - a scroll of enchant armour {!r}
Potions
 d - a potion of might {!q}
 g - 2 potions of magic {!q}
 o - 2 potions of brilliance {!q}
 A - 3 potions of agility {!q}
 B - 3 potions of cancellation {!q}
 G - a potion of lignification {!q}
Comestibles
 f - 24 rations
 I - 6 chunks of flesh


   Skills:
 * Level 6.6(11.6) Fighting
   Level 3.0(8.0) Short Blades
 - Level 12.2(17.2) Slings
 * Level 8.0(13.0) Armour
 * Level 8.0(13.0) Dodging
 * Level 8.1(13.1) Shields
 + Level 7.0 Invocations


You had one spell level left.
You knew the following spells:

 Your Spells              Type           Power        Failure   Level  Hunger
a - Apportation           Tloc           #.....       71%         1    ##.....
b - Animate Skeleton      Necr           N/A          71%         1    ##.....
c - Summon Small Mammal   Summ           #...         71%         1    ##.....
e - Mephitic Cloud        Conj/Pois/Air  #.......     97%         3    ####...
v - Blink                 Tloc           N/A          83%         2    ###....
z - Confusing Touch       Hex            #.....       71%         1    ##.....


Dungeon Overview and Level Annotations

Branches:
Dungeon (11/15)            Temple (0/1) D:7
   Lair: D:8-11         Orc: D:9-12

Altars:
Ashenzari
Cheibriados
Dithmenos
Elyvilon
Hepliaklqana
Nemelex Xobeh
Okawaru
Ru
Vehumet
Wu Jian
Xom
Yredelemnul

Shops:
D:7 ?

Annotations:
D:3 Terence


Innate Abilities, Weirdness & Mutations

You are small and have problems with some larger weapons.
You are somewhat resistant to further mutation.


Message History

You block the troll's attack. The troll claws you but does no damage.
Unknown command.
Firing (i - inventory. (,) - cycle):
i - 27 poisoned needles (quivered)
Press: ? - help, Shift-Dir - straight line, f - orc knight, p - troll
Aim: an orc knight, wielding a dire flail and wearing a plate armour (almost dead, poisoned)
You shoot a poisoned needle.
The poisoned needle hits the orc knight.
The orc knight looks even sicker.
The orc knight is almost dead.
The orc knight barely misses you.
Unknown command.
Firing (i - inventory. (,) - cycle):
i - 26 poisoned needles (quivered)
Press: ? - help, Shift-Dir - straight line, f/p - orc knight
Aim: an orc knight, wielding a dire flail and wearing a plate armour (almost dead, poisoned)
You shoot a poisoned needle.
The poisoned needle barely misses the orc knight.
The poisoned needle hits the troll!
The troll is poisoned.
The troll bites you!
* * * LOW HITPOINT WARNING * * *
The troll claws you but does no damage. You block the troll's attack.
Unknown command.
Really quaff
j - 2 potions of curing {!q}?
You feel better.
The troll looks more healthy.
The orc knight hits you with a dire flail.
* * * LOW HITPOINT WARNING * * *
You block the troll's attack. x3
Really quaff
j - a potion of curing {!q}?
You feel better.
You kill the orc knight!
Okawaru is honoured by your kill. Something appears at your feet!
Okawaru grants you armour!
Your Armour skill increases to level 8!
Your Dodging skill increases to level 8!
Your Invocations skill increases to level 7!
The troll barely misses you. The troll claws you!
* * * LOW HITPOINT WARNING * * *
The troll barely misses you.
You gain the combat prowess of a mighty hero.
The troll bites you but does no damage. The troll claws you.
* * * LOW HITPOINT WARNING * * *
You block the troll's attack. The troll barely misses you.
You block the troll's attack. x2
You can now deal lightning-fast blows.
You block the troll's attack. x2; The troll claws you but does no damage.
The troll bites you but does no damage. You block the troll's attack.
The troll completely misses you.
Wield which item (- for none, * to show all)? (? for menu, Esc to quit)
a - a +0 hunting sling (weapon)
The troll completely misses you. The troll claws you!
* * * LOW HITPOINT WARNING * * *
The troll claws you but does no damage.
Some of the chunks of flesh in your inventory have rotted away.
Okay, then.
Really quaff
N - a fizzy ruby potion {!q}?
It was a potion of flight {!q}.
Your roots keep you in place.
The troll bites you but does no damage. The troll claws you but does no damage.
You block the troll's attack. The troll bites you.
* * * LOW HITPOINT WARNING * * *
You block the troll's attack. The troll claws you but does no damage.
Really quaff
S - a fizzy cyan potion {!q}?
It was a potion of mutation {!q}.
You feel extremely strange.
You block the troll's attack. x2; The troll claws you but does no damage.
The troll bites you!
You die...

#..(.#
#....#
#....#
#....#
..[.# .[[
#T# #♣#
#T## #..#
######'####
#.........#
#.........#
+.........#
#.........#
#.......<.#


You could see 2 trolls.

Vanquished Creatures
  Gastronok (D:9)
  A hydra (D:8)
  Pikel (D:9)
  An orc knight (D:11)
  Joseph (D:7)
  Maurice (D:10)
  A centaur skeleton (D:10)
  Prince Ribbit (D:7)
  2 dream sheep (D:8)
  Sigmund (D:6)
  A wraith (D:10)
  A wyvern (D:9)
  2 yaks (D:8)
  A water moccasin (D:6)
  Duvessa (D:7)
  A soldier ant (D:11)
  A black bear (D:10)
  An ice beast (D:7)
  3 orc warriors
  4 slaves (D:9)
  3 phantoms
  3 ogres
  2 sky beasts
  A necrophage (D:8)
  2 centaurs
  3 big kobolds (D:8)
  A gnoll sergeant (D:7)
  A bullfrog (D:8)
  Dowan (D:7)
  A scorpion (D:10)
  6 killer bees (D:11)
  3 crimson imps
  4 howler monkeys
  A bullfrog zombie (D:5)
  A quasit (D:7)
  6 orc priests
  3 orc wizards
  A jelly (D:7)
  Crazy Yiuf (D:7)
  A bullfrog skeleton (D:10)
  7 hounds
  Jessica (D:2)
  An iguana (D:5)
  3 worker ants
  Robin (D:2)
  8 adders
  14 gnolls
  4 shadow imps
  2 oozes (D:2)
  An adder skeleton (D:7)
  4 worms
  7 dart slugs
  5 leopard geckos
  29 orcs
  7 bats
  A giant cockroach (D:1)
  9 hobgoblins
  15 jackals
  5 kobolds
  3 quokkas
  8 frilled lizards
  12 goblins
  2 jackal skeletons (D:4)
  A leopard gecko skeleton (D:5)
  A quokka skeleton (D:7)
  5 rats
  A plant (D:1)
229 creatures vanquished.

Notes
Turn   | Place    | Note
-------+----------+-------------------------------------------
     0 | D:1      | Amnesiac the Halfling Fighter began the quest for the Orb.
     0 | D:1      | Reached XP level 1. HP: 15/15 MP: 1/1
    86 | D:1      | Reached skill level 1 in Dodging
    95 | D:1      | Reached XP level 2. HP: 18/20 MP: 2/2
   247 | D:1      | Reached XP level 3. HP: 19/25 MP: 3/3
   911 | D:2      | Reached XP level 4. HP: 28/30 MP: 4/4
   969 | D:2      | Noticed Jessica
   976 | D:2      | Killed Jessica
   977 | D:2      | Noticed Robin
   987 | D:2      | Killed Robin
   992 | D:2      | Reached XP level 5. HP: 36/36 MP: 5/5
  1121 | D:2      | Found a shimmering altar of Xom.
  1181 | D:2      | Found a white marble altar of Elyvilon.
  1452 | D:2      | Found a basalt altar of Yredelemnul.
  1697 | D:3      | Found a hazy altar of Hepliaklqana.
  1722 | D:3      | Noticed Terence
  2089 | D:4      | Noticed an orc warrior
  2104 | D:4      | Noticed a phantom
  2200 | D:4      | Reached XP level 6. HP: 37/42 MP: 6/6
  2317 | D:5      | Entered Level 5 of the Dungeon
  2480 | D:5      | Killed a phantom
  2480 | D:5      | Reached XP level 7. HP: 23/47 MP: 7/7
  2986 | D:5      | Reached skill level 5 in Armour
  2986 | D:5      | Reached skill level 5 in Dodging
  2986 | D:5      | Reached skill level 5 in Shields
  3124 | D:5      | Got an opalescent robe
  3130 | D:5      | Found a shadowy altar of Dithmenos.
  3171 | D:5      | Reached XP level 8. HP: 49/54 MP: 8/8
  3850 | D:4      | Found a radiant altar of Vehumet.
  4232 | D:6      | Noticed Sigmund
  4301 | D:6      | Identified the +2 robe "Hyvibes" {rCorr Int+3} (You found it on level 5 of the Dungeon)
  4404 | D:6      | Killed Sigmund
  4583 | D:6      | Found an ornate altar of the Wu Jian Council.
  4583 | D:6      | Found an iron altar of Okawaru.
  4589 | D:6      | Found a sparkling altar of Nemelex Xobeh.
  4592 | D:6      | Became a worshipper of Warmaster Okawaru
  4595 | D:6      | Found a faded altar of an unknown god.
  4597 | D:6      | Found a sacrificial altar of Ru.
  4958 | D:7      | Found Osuv Dufo's Magic Scroll Shoppe.
  4963 | D:7      | Bought a scroll of random uselessness for 11 gold pieces
  4963 | D:7      | Bought a scroll of amnesia for 38 gold pieces
  4984 | D:7      | Noticed Prince Ribbit
  5010 | D:6      | Learned a level 1 spell: Apportation
  5012 | D:6      | Learned a level 1 spell: Confusing Touch
  5014 | D:6      | Learned a level 1 spell: Animate Skeleton
  5016 | D:6      | Learned a level 1 spell: Summon Small Mammal
  5050 | D:7      | Found a staircase to the Ecumenical Temple.
  5371 | D:6      | Reached skill level 5 in Fighting
  5521 | D:7      | Killed Prince Ribbit
  5521 | D:7      | Reached * piety under Okawaru
  5521 | D:7      | Reached XP level 9. HP: 61/61 MP: 9/9
  5594 | D:7      | Found a sparkling altar of Nemelex Xobeh.
  5622 | D:7      | Noticed Dowan
  5623 | D:7      | Noticed Duvessa
  5650 | D:7      | Killed Duvessa
  5667 | D:7      | Killed Dowan
  5835 | D:7      | Found a snail-covered altar of Cheibriados.
  6152 | D:7      | Noticed Joseph
  6174 | D:7      | Killed Joseph
  6174 | D:7      | Reached ** piety under Okawaru
  6205 | D:7      | Found a runed door.
  6371 | D:7      | Noticed Crazy Yiuf
  6380 | D:7      | Killed Crazy Yiuf
  6380 | D:7      | Reached skill level 1 in Slings
  6553 | D:8      | Reached skill level 2 in Slings
  6556 | D:8      | Reached skill level 3 in Slings
  6608 | D:8      | Reached skill level 5 in Slings
  6669 | D:8      | Reached *** piety under Okawaru
  6669 | D:8      | Reached skill level 6 in Slings
  6669 | D:8      | Reached XP level 10. HP: 57/66 MP: 14/14
  6678 | D:8      | Received a gift from Okawaru
  6678 | D:8      | Reached skill level 7 in Slings
  6737 | D:8      | Reached skill level 8 in Slings
  6775 | D:8      | Noticed a three-headed hydra
  6784 | D:8      | Killed a one-headed hydra
  6784 | D:8      | Received a gift from Okawaru
  6784 | D:8      | Reached skill level 10 in Slings
  6799 | D:8      | Reached skill level 11 in Slings
  7455 | D:8      | Found a shattered altar of Ashenzari.
  7822 | D:9      | Noticed Gastronok
  8150 | D:9      | Noticed Pikel
  8170 | D:9      | Killed Pikel
  8578 | D:9      | Reached **** piety under Okawaru
  9523 | D:9      | Killed Gastronok
  9523 | D:9      | Received a gift from Okawaru
  9523 | D:9      | Reached skill level 12 in Slings
  9523 | D:9      | Reached XP level 11. HP: 71/72 MP: 15/15
 10227 | D:10     | Entered Level 10 of the Dungeon
 10272 | D:10     | Noticed Maurice
 10368 | D:10     | Killed Maurice
 10368 | D:10     | Received a gift from Okawaru
 10411 | D:10     | Learned a level 2 spell: Blink
 10415 | D:10     | Learned a level 3 spell: Mephitic Cloud
 10520 | D:10     | Reached ***** piety under Okawaru
 11353 | D:11     | Noticed an orc knight
 11425 | D:11     | Killed an orc knight
 11425 | D:11     | Received a gift from Okawaru
 11429 | D:11     | HP: 4/111 [troll (6)]
 11430 | D:11     | Slain by a troll

Vault maps used:
D:1:      tarquinn_simple_flora_water_f, minmay_misc_feat_doors,
          serial_bayou_pond_b, serial_bayou_pond_d
D:2:      kennysheep_ying_yang, overflow_temple_1_default, uniq_jessica,
          uniq_robin
D:3:      lightli_temple_of_fire, lemuel_round_altar, uniq_terence
D:4:      overflow_temple_1_default, first_ration
D:5:      grunt_dithmenos_shadows
D:6:      chequers_temple_overflow_minitemple, uniq_sigmund
D:7:      cheibrodos_worm_habitat, minmay_temple_entry_large_hall, basic_altar,
          serial_shops, shop_fountains, uniq_prince_ribbit1,
          uniq_crazy_yiuf_cottage, uniq_joseph, uniq_duvessa
D:8:      overflow_temple_1_default, hangedman_ranch
D:9:      kennysheep_big_empty_room, uniq_pikel, uniq_gastronok
D:10:     uniq_maurice
D:11:     david_lair_shrubbed, david_orc_5

Skill      XL: |  1  2  3  4  5  6  7  8  9 10 11 |
---------------+----------------------------------+-----
Dodging        | 1 2 3 4 5 6 7 8 |  8.0
Fighting       | 3 4 5 6 |  6.6
Armour         | 4 5 6 7 8 |  8.0
Shields        | 4 5 6 7 8 |  8.1
Short Blades   | 3 |  3.0
Invocations    | 6 7 |  7.0
Slings         | 6 12 | 12.2

Action                   |  1- 3 |  4- 6 |  7- 9 | 10-12 || total
-------------------------+-------+-------+-------+-------++-------
Melee: Rapier            |   148 |   249 |   373 |       ||   770
       Falchion          |       |       |       |    12 ||    12
       Unarmed           |       |       |       |     4 ||     4
 Fire: Hunting sling     |       |       |    48 |   644 ||   692
       Blowgun           |       |       |       |    73 ||    73
Throw: Stone             |    64 |   158 |   109 |       ||   331
       Tomahawk          |       |       |     3 |     5 ||     8
       Throwing net      |       |       |     1 |       ||     1
Invok: Heroism           |       |       |       |     1 ||     1
       Finesse           |       |       |       |     1 ||     1
Evoke: Wand              |       |       |       |     2 ||     2
  Use: Scroll            |       |     4 |    11 |     2 ||    17
       Potion            |       |       |     4 |     8 ||    12
  Eat: Chunk             |       |     6 |    11 |    10 ||    27
       Ration            |       |       |     1 |     1 ||     2
Armor: Scale mail        |    43 |    62 |    57 |    60 ||   222
       Ice dragon scales |       |       |    46 |       ||    46
       Plate armour      |       |       |    18 |       ||    18
       Skin              |       |       |       |    14 ||    14
Dodge: Dodged            |    45 |    91 |   170 |   134 ||   440
Block: Shield            |    67 |   140 |   213 |   163 ||   583
       Rpst.: Falchion   |       |       |       |     2 ||     2

Table legend:
 A = Spawn XP
 B = Non-spawn XP
 C = Spawn XP percentage of total XP
 D = Spawn monster count
 E = Non-spawn monster count
 F = Spawn count percentage of total count
 G = Total turns spent on level
                    A         B        C        D         E        F      G
               +---------+---------+-------+---------+---------+-------+---------
         Total |       0 |   13167 |   0.0 |       0 |     224 |   0.0 | 11430
               +---------+---------+-------+---------+---------+-------+---------
           D:1 |       0 |      57 |   0.0 |       0 |      29 |   0.0 |   891
           D:2 |       0 |     143 |   0.0 |       0 |      27 |   0.0 |   742
           D:3 |       0 |      42 |   0.0 |       0 |      17 |   0.0 |   520
           D:4 |       0 |     343 |   0.0 |       0 |      14 |   0.0 |  1041
           D:5 |       0 |     601 |   0.0 |       0 |      17 |   0.0 |   951
           D:6 |       0 |     481 |   0.0 |       0 |      10 |   0.0 |  1122
           D:7 |       0 |    1390 |   0.0 |       0 |      14 |   0.0 |  1170
           D:8 |       0 |    2554 |   0.0 |       0 |      18 |   0.0 |  1209
           D:9 |       0 |    3924 |   0.0 |       0 |      28 |   0.0 |  2581
          D:10 |       0 |    2147 |   0.0 |       0 |      26 |   0.0 |   802
          D:11 |       0 |    1485 |   0.0 |       0 |      24 |   0.0 |   401
               +---------+---------+-------+---------+---------+-------+---------
